 Dungeon Crawl Stone Soup version 0.24-a0-464-g6b2be6b8c7 (webtiles) character file.

Game seed: 5472499833375206382

5471 Mrkan the Basher (level 10, -5/65 HPs)
             Began as a Gargoyle Fighter on July 3, 2019.
             Was a Follower of Nemelex Xobeh.
             Killed by divine providence
             ... invoked by an orc priest
              (12 damage)
             ... on level 9 of the Dungeon.
             The game lasted 00:18:51 (7247 turns).

Mrkan the Basher (Gargoyle Fighter)                 Turns: 7247, Time: 00:18:51

Health: -5/65      AC: 20    Str: 22    XL:     10   Next: 69%
Magic:  14/14      EV:  8    Int:  9    God:    Nemelex Xobeh [*.....]
Gold:   517        SH: 14    Dex: 16    Spells: 9/9 levels left

rFire    . . .     SeeInvis .   B - +5 flail (crush)
rCold    . . .     Gourm    .   c - +0 shield
rNeg     + . .     Faith    .   z - +4 scale mail of the Wary Yaks {Regen+ Dex+4}
rPois    ∞         Spirit   .   y - +0 helmet
rElec    +         Reflect  +   b - +0 cloak
rCorr    +         Harm     .   (no gloves)
MR       .....                  (no boots)
Stlth    ..........             o - +2 amulet of reflection
HPRegen  0.60/turn              E - ring of resist corrosion
MPRegen  0.14/turn              A - ring of flight

@: no status effects
A: fangs 1, agile 1, negative energy resistance 1, electricity resistance,
unbreathing, petrification resistance, rot immunity, AC +7
a: Draw Escape, Draw Destruction, Draw Summoning, Renounce Religion, Evoke
Flight


You were on level 9 of the Dungeon.
You worshipped Nemelex Xobeh.
Nemelex Xobeh was aware of your devotion.
You were not hungry.

You visited 2 branches of the dungeon, and saw 10 of its levels.
You also visited: Sewer.

You collected 517 gold pieces.

Inventory:

Hand Weapons
 j - a +1 whip of draining
 B - a +5 flail of crushing (weapon)
Missiles
 r - 24 boomerangs (quivered)
Armour
 b - a +0 cloak (worn)
 c - a +0 shield (worn)
 y - a +0 helmet (worn)
 z - the +4 scale mail of the Wary Yaks (worn) {Regen+ Dex+4}
   (You found it on level 5 of the Dungeon)

   It affects your dexterity (+4).
   It increases your rate of regeneration.
Jewellery
 o - a +2 amulet of reflection (around neck)
 A - a ring of flight (right hand)
 E - a ring of resist corrosion (left hand)
Wands
 q - a wand of iceblast (27)
 K - a wand of enslavement (5)
 N - a wand of random effects (22)
Scrolls
 h - 7 scrolls of remove curse
 i - 6 scrolls of teleportation
 k - 2 scrolls of enchant armour
 l - a scroll of fear
 m - a scroll of random uselessness {unknown}
 p - 3 scrolls of fog
 G - 2 scrolls of blinking
 L - a scroll of immolation {unknown}
 M - a scroll of magic mapping {unknown}
Potions
 d - 4 potions of might
 e - 4 potions of curing
 g - 4 potions of agility
 n - a potion of ambrosia {unknown}
 s - 3 potions of mutation
 t - a potion of berserk rage {unknown}
 u - 2 potions of haste
 v - a potion of magic {unknown}
 w - a potion of flight
 x - a potion of resistance {unknown}
 C - a potion of cancellation
 P - a potion of lignification {unknown}
 Q - a potion of heal wounds
Comestibles
 a - a chunk of flesh
 f - 7 rations


   Skills:
 - Level 8.5 Fighting
 * Level 10.6 Maces & Flails
 - Level 3.2 Armour
 + Level 8.8 Shields
 + Level 5.7 Invocations


You had 9 spell levels left.
You didn't know any spells.
Your spell library contained the following spells:

 Spells                   Type           Power        Failure   Level  Hunger
 Animate Skeleton         Necr           N/A          93%         1    ##.....
 Apportation              Tloc           #.....       93%         1    ##.....
 Confusing Touch          Hex            #.....       93%         1    ##.....
 Summon Small Mammal      Summ           #...         93%         1    ##.....


Dungeon Overview and Level Annotations

Branches:
Dungeon (9/15)             Temple (1/1) D:6            Lair (0/6) D:9
    Orc: D:9-12

Altars:
Ashenzari
Cheibriados
Dithmenos
Elyvilon
Fedhas
Gozag
Hepliaklqana
Kikubaaqudgha
Makhleb
Nemelex Xobeh
Okawaru
Qazlal
Ru
Sif Muna
Trog
Uskayaw
Vehumet
Wu Jian
Xom
Yredelemnul
Zin
The Shining One


Innate Abilities, Weirdness & Mutations

You are resistant to torment.
Your stone body is resilient. (AC +7)
You are immune to poison.
You resist negative energy. (rN+)
You are resistant to electric shocks. (rElec)
You can survive without breathing.
You are immune to petrification.
You are immune to rotting.
You have very sharp teeth.
You are agile. (Dex +2)


Message History

The two-headed ogre is moderately wounded.
You sock the two-headed ogre!
The two-headed ogre is heavily wounded.
The two-headed ogre barely misses you. You block the two-headed ogre's attack.
You sock the two-headed ogre! Your bite misses the two-headed ogre.
The two-headed ogre is severely wounded.
The orc priest mumbles some strange prayers to Beogh against you.
Beogh smites you!
The two-headed ogre hits you with a +0 giant club.
* * * LOW HITPOINT WARNING * * *
You block the two-headed ogre's attack.
The orc priest looks encouraged for a moment.
The orc priest looks braver for a moment.
The orc priest invokes the aid of Beogh against you.
Beogh smites you!
* * * LOW HITPOINT WARNING * * *
The orc priest calls down the wrath of Beogh upon you.
Beogh smites you!
You die...
Your body glows slightly and disappears.

### #.#........
#######.####.'........
...........o.####.....
...#######.....)..#.####
#....#...≈...#..o....#
#......#...#.........#
#.....##.PP##...O....#
#...#.........#......#
#...#≈...>PP.≈#.@....# #
....#..PP..P..#......#.##+##
#+#...##...##........#.....#
.......#...#....######......
.....#...≈...#....))........
......#######......)........
......>..# ###+###.........
+###...<.# #÷#####...
#.....# #.# ..


You could see a two-headed ogre, an orc priest and an orc.

Vanquished Creatures
  Pikel (D:6)
  An efreet (D:9)
  Prince Ribbit (D:5)
  A hippogriff (D:7)
  2 steam dragons (D:5)
  A water moccasin (D:6)
  A slave (D:6)
  5 ice beasts
  A sky beast (D:5)
  2 orc warriors
  3 phantoms
  2 ogres
  3 centaurs
  5 big kobolds
  4 bullfrogs
  A scorpion (D:7)
  9 wights
  2 crimson imps
  4 howler monkeys
  A bullfrog zombie (D:6)
  3 hounds
  Crazy Yiuf (D:3)
  3 jellies
  10 orc wizards
  A centaur skeleton (D:7)
  An orc priest (D:7)
  3 bullfrog skeletons
  5 iguanas
  6 worker ants
  2 hound skeletons
  A worker ant zombie (D:5)
  14 adders
  A howler monkey skeleton (D:6)
  3 river rats
  4 oozes (Sewer)
  An adder zombie (D:9)
  An adder skeleton (D:7)
  7 worms
  A dart slug (D:2)
  8 leopard geckos
  27 orcs
  4 bats
  6 giant cockroaches
  8 goblins
  9 hobgoblins
  13 jackals
  14 kobolds
  5 quokkas
  9 ball pythons
  13 frilled lizards
  A leopard gecko zombie (D:6)
  A quokka skeleton (D:8)
  10 rats
246 creatures vanquished.

Vanquished Creatures (others)
  A sky beast (D:5)
  A hound (D:6)
  An orc (D:5)
  6 fungi (D:5)
9 creatures vanquished.

Grand Total: 255 creatures vanquished

Notes
Turn   | Place    | Note
-------+----------+-------------------------------------------
     0 | D:1      | Mrkan the Gargoyle Fighter began the quest for the Orb.
     0 | D:1      | Reached XP level 1. HP: 14/14 MP: 1/1
   142 | D:1      | Reached XP level 2. HP: 16/19 MP: 2/2
   536 | D:1      | Reached XP level 3. HP: 23/23 MP: 3/3
   905 | D:2      | Reached skill level 3 in Maces & Flails
  1160 | D:2      | Reached XP level 4. HP: 26/29 MP: 4/4
  1485 | D:3      | Found a radiant altar of Vehumet.
  1512 | D:3      | Found an ancient bone altar of Kikubaaqudgha.
  1668 | D:3      | Reached XP level 5. HP: 28/33 MP: 5/5
  1692 | D:3      | Found a runed translucent door.
  1693 | D:3      | Noticed Crazy Yiuf
  1707 | D:3      | Killed Crazy Yiuf
  1707 | D:3      | Reached skill level 4 in Maces & Flails
  1791 | D:3      | Found a glowing drain.
  1795 | Sewer    | Entered a sewer
  1893 | Sewer    | Noticed a big kobold
  1922 | Sewer    | Killed a big kobold
  1922 | Sewer    | Reached XP level 6. HP: 38/39 MP: 6/6
  2054 | Sewer    | Reached skill level 5 in Maces & Flails
  2054 | Sewer    | Reached skill level 5 in Shields
  2092 | Sewer    | Reached skill level 5 in Fighting
  2153 | Sewer    | Reached XP level 7. HP: 44/44 MP: 7/7
  3021 | D:4      | Found a white marble altar of Elyvilon.
  3374 | D:5      | Entered Level 5 of the Dungeon
  3447 | D:5      | Reached skill level 6 in Maces & Flails
  3546 | D:5      | Reached XP level 8. HP: 33/51 MP: 8/8
  3588 | D:5      | Noticed Prince Ribbit
  3722 | D:5      | Got a bronze scale mail
  3810 | D:5      | Reached skill level 7 in Maces & Flails
  3954 | D:5      | You fall into a shaft and drop 2 floors!
  4023 | D:6      | Identified the +4 scale mail of the Wary Yaks {Regen+
                  | Dex+4} (You found it on level 5 of the Dungeon)
  4030 | D:6      | Found a staircase to the Ecumenical Temple.
  4039 | Temple   | Entered the Ecumenical Temple
  4224 | Temple   | Became a worshipper of Nemelex Xobeh the Trickster
  4356 | D:6      | Reached skill level 1 in Invocations
  4476 | D:6      | Found a burning altar of Makhleb.
  4492 | D:6      | Reached skill level 8 in Maces & Flails
  4492 | D:6      | Reached XP level 9. HP: 56/56 MP: 10/10
  4720 | D:6      | Received a gift from Nemelex Xobeh
  5182 | D:5      | Killed Prince Ribbit
  5387 | D:6      | Noticed Pikel
  5420 | D:6      | Killed Pikel
  5420 | D:6      | Reached skill level 9 in Maces & Flails
  5652 | D:6      | Gained mutation: You have very sharp teeth. [potion of
                  | mutation]
  5652 | D:6      | Gained mutation: You are agile. (Dex +2) [potion of
                  | mutation]
  5755 | D:7      | Reached XP level 10. HP: 44/64 MP: 13/13
  5901 | D:7      | Reached * piety under Nemelex Xobeh
  6218 | D:7      | Reached skill level 10 in Maces & Flails
  6403 | D:8      | Reached skill level 5 in Invocations
  6573 | D:8      | Received a gift from Nemelex Xobeh
  7138 | D:9      | Found a staircase to the Lair.
  7215 | D:9      | Noticed a two-headed ogre
  7247 | D:9      | Killed from afar by an orc priest

Levels and vault maps discovered:
D:1:      dpeg_arrival_rooms_b, layout_loops_ring
D:2:      layout_loops_ring
D:3:      layout_rooms, overflow_temple_1_default, old_standard_altar,
          gup_sewer_entry_bowl, uniq_crazy_yiuf_cottage
D:4:      layout_basic, lemuel_coloured_pillars_altar
D:5:      kennysheep_steamy, layout_loops_ring, first_ration,
          uniq_prince_ribbit1
D:6:      layout_basic, lemuel_crystal_altar, lemuel_temple_firewalk_b,
          uniq_pikel
D:7:      layout_cave_pools, st_stairs_1
D:8:      layout_basic, chequers_serial_rivers_room_b
D:9:      layout_irregular_city, dpeg_oklobed_lair
Temple:   hc_temple_tempest_star

Skill      XL: |  1  2  3  4  5  6  7  8  9 10 |
---------------+-------------------------------+-----
Maces & Flails | 3 4 5 6 8 9 10 | 10.6
Fighting       | 4 5 6 7 8 |  8.5
Shields        | 4 5 6 7 8 |  8.8
Invocations    | 1 4 5 |  5.7
Armour         | |  3.2

Action                   |  1- 3 |  4- 6 |  7- 9 | 10-12 || total
-------------------------+-------+-------+-------+-------++-------
Melee: Flail             |   117 |       |       |    33 ||   150
       Whip              |    71 |   264 |   762 |   292 ||  1389
       Bite              |       |       |    12 |    64 ||    76
  Use: Scroll            |       |       |    10 |     8 ||    18
       Potion            |       |       |     1 |       ||     1
  Eat: Chunk             |     1 |     4 |    13 |     5 ||    23
Armor: Scale mail        |    86 |    61 |   160 |    97 ||   404
       Chain mail        |       |    69 |   158 |       ||   227
Dodge: Dodged            |    60 |    58 |   153 |    52 ||   323
Block: Shield            |    91 |   113 |   342 |   155 ||   701
       Reflection        |       |       |       |     1 ||     1

Table legend:
 A = Non-vault XP
 B = Vault XP
 C = Vault XP percentage of total XP
 D = Non-vault monster count
 E = Vault monster count
 F = Vault count percentage of total count
                 A         B        C        D         E       F
            +---------+---------+-------+---------+---------+-------
      Total |    5743 |    2074 |  26.5 |     208 |      38 |  15.4
            +---------+---------+-------+---------+---------+-------
        D:1 |      34 |       0 |   0.0 |      21 |       0 |   0.0
        D:2 |      73 |       0 |   0.0 |      27 |       0 |   0.0
        D:3 |     101 |      62 |  38.0 |      29 |       5 |  14.7
        D:4 |     146 |       0 |   0.0 |      10 |       0 |   0.0
        D:5 |     860 |     617 |  41.8 |      21 |       3 |  12.5
        D:6 |    1351 |     617 |  31.4 |      32 |       1 |   3.0
        D:7 |    1184 |     259 |  17.9 |      25 |       1 |   3.8
        D:8 |    1284 |       0 |   0.0 |      33 |       0 |   0.0
        D:9 |     710 |       0 |   0.0 |      10 |       0 |   0.0
      Sewer |       0 |     519 | 100.0 |       0 |      28 | 100.0
            +---------+---------+-------+---------+---------+-------
